 Dungeon Crawl Stone Soup version 0.21.1-1-g345015fe64 (webtiles) character file.

132 KoenWS the Chopper (level 5, -1/46 HPs)
             Began as a Hill Orc Fighter on June 4, 2018.
             Slain by Purgy (2 damage)
             ... in a sewer.
             The game lasted 00:54:57 (1921 turns).

KoenWS the Chopper (Hill Orc Fighter)               Turns: 1921, Time: 00:54:58

Health: -1/46      AC:  7    Str: 22 (25) XL:     5   Next: 15%
Magic:  5/5        EV:  7    Int:  7 (8)  God:
Gold:   102        SH:  9    Dex:  9 (10) Spells: 4/4 levels left

rFire    . . .     SeeInvis .   a - +0 war axe
rCold    . . .     Gourm    .   c - +0 shield
rNeg     . . .     Faith    .   i - +0 scale mail
rPois    .         Spirit   .   (no helmet)
rElec    .         Reflect  .   (no cloak)
rCorr    .         Harm     .   (no gloves)
MR       .....                  (no boots)
Stlth    ..........             (no amulet)
HPRegen  0.15/turn              (no ring)
MPRegen  0.09/turn              (no ring)

@: mighty
A: no striking features
a: no special abilities


You were in a sewer.
You were not hungry.

You visited 1 branch of the dungeon, and saw 3 of its levels.
You also visited: Sewer.

You collected 102 gold pieces.

Inventory:

Hand Weapons
 a - a +0 war axe (weapon)
 t - a +0 halberd
Missiles
 b - 7 javelins (quivered)
Armour
 c - a +0 shield (worn)
 i - a +0 scale mail (worn)
 q - a +0 scale mail
Scrolls
 j - a scroll of remove curse {unknown}
 k - 2 scrolls of magic mapping {unknown}
 l - 2 scrolls of enchant weapon {unknown}
 n - 3 scrolls of blinking {unknown}
 p - 5 scrolls of identify {unknown}
 r - 4 scrolls of teleportation {unknown}
 s - a scroll of random uselessness {unknown}
Potions
 d - a potion of might
 e - a potion of curing
 h - 3 potions of invisibility {unknown}
 m - a potion of agility {unknown}
 o - 2 potions of flight {unknown}
 u - a potion of heal wounds {unknown}
Comestibles
 f - 2 rations


   Skills:
 + Level 4.0 Fighting
 + Level 4.2 Axes
 + Level 1.3 Throwing
 + Level 4.1 Armour
 + Level 4.2 Shields


You had 4 spell levels left.
You didn't know any spells.

Dungeon Overview and Level Annotations

Branches:
Dungeon (3/15)

Altars:

Annotations:
Sewer Purgy


Message History

You closely miss Purgy.
Purgy is moderately wounded.
Purgy bites you!
* * * LOW HITPOINT WARNING * * *
You block Purgy's attack. Purgy claws you but does no damage.
You closely miss Purgy.
Purgy is moderately wounded.
Purgy barely misses you. Purgy claws you.
* * * LOW HITPOINT WARNING * * *
You block Purgy's attack.
You miss Purgy.
Purgy is moderately wounded.
You block Purgy's attack. Purgy barely misses you.
Purgy claws you but does no damage. Purgy bites you.
* * * LOW HITPOINT WARNING * * *
Purgy closely misses you. Purgy claws you but does no damage.
You barely miss Purgy.
Purgy is moderately wounded.
Purgy closely misses you. You block Purgy's attack. Purgy claws you.
You die...

#≈≈≈#
#############
#..'.≈≈≈.'..#
####.≈≈≈.####
####.≈≈≈.####
#..'.≈≈≈.)..#
####.≈≈≈.####
####.≈≈≈.####
#..'.≈≈≈@T.(#
####.≈≈≈.####
####.≈≈≈.#
#∩....∩..+
####.≈≈≈.#
####.≈≈≈.#
#..'.≈≈≈.+
####.≈≈≈.#
####.≈≈≈.#


You could see Purgy.

Vanquished Creatures
  4 gnolls
  4 adders
  2 worms (D:2)
  2 dart slugs
  2 leopard geckos
  2 giant cockroaches
  10 goblins
  5 hobgoblins
  A jackal (D:1)
  A quokka (D:2)
  3 bats
  5 frilled lizards
  4 kobolds
  5 rats
50 creatures vanquished.

Notes
Turn   | Place    | Note
-------+----------+-------------------------------------------
     0 | D:1      | KoenWS the Hill Orc Fighter began the quest for the Orb.
     0 | D:1      | Reached XP level 1. HP: 19/19 MP: 1/1
   103 | D:1      | Reached XP level 2. HP: 26/27 MP: 2/2
   817 | D:2      | Reached XP level 3. HP: 33/33 MP: 3/3
  1378 | D:3      | Found a glowing drain.
  1391 | D:2      | Reached skill level 1 in Throwing
  1391 | D:2      | Reached XP level 4. HP: 35/40 MP: 4/4
  1724 | D:3      | Reached XP level 5. HP: 44/46 MP: 5/5
  1730 | Sewer    | Entered a sewer
  1904 | Sewer    | Noticed Purgy
  1920 | Sewer    | HP: 1/46 [Purgy (2)]
  1921 | Sewer    | Slain by Purgy

Skill      XL: |  1  2  3  4 |
---------------+-------------+-----
Axes           | 3 4 |  4.2
Throwing       | 1 |  1.3
Shields        | 4 |  4.2
Fighting       | 4 |  4.0
Armour         | 4 |  4.1

Action                   |  1- 3 |  4- 6 || total
-------------------------+-------+-------++-------
Melee: War axe           |    80 |    61 ||   141
Throw: Javelin           |    24 |     1 ||    25
  Use: Potion            |       |     3 ||     3
  Eat: Ration            |     1 |       ||     1
       Chunk             |     1 |       ||     1
Armor: Scale mail        |    32 |    38 ||    70
Dodge: Dodged            |    20 |    22 ||    42
Block: Shield            |    53 |    51 ||   104
